[ AOE2 MATCH · #460802889 ]
Team RMBurgundians vs Mapuche
[ REPLAY ANALYSIS · EXTRACTED FROM THE RECORDED GAME ]
Feudal
—
Castle
—
Imperial
—
| APM avg | 10.9 |
| APM peak | 3 |
| eAPM avg | 10.9 |
| Villagers / military | 0 / 0 |
Feudal
—
Castle
—
Imperial
—
| APM avg | 21.7 |
| APM peak | 6 |
| eAPM avg | 21.7 |
| Villagers / military | 1 / 0 |
Focus
⚔️ 0.0% · 🌾 100.0%
Feudal
—
Castle
—
Imperial
—
| APM avg | 83.3 |
| APM peak | 23 |
| eAPM avg | 72.4 |
| Villagers / military | 4 / 0 |
Focus
⚔️ 0.0% · 🌾 100.0%
Feudal
—
Castle
—
Imperial
—
| APM avg | 39.8 |
| APM peak | 11 |
| eAPM avg | 39.8 |
| Villagers / military | 5 / 0 |
Focus
⚔️ 0.0% · 🌾 100.0%
Feudal
—
Castle
—
Imperial
—
| APM avg | 39.8 |
| APM peak | 11 |
| eAPM avg | 36.2 |
| Villagers / military | 4 / 0 |
Focus
⚔️ 0.0% · 🌾 100.0%
Feudal
—
Castle
—
Imperial
—
| APM avg | 36.2 |
| APM peak | 10 |
| eAPM avg | 32.6 |
| Villagers / military | 3 / 0 |
Focus
⚔️ 0.0% · 🌾 100.0%
Feudal
—
Castle
—
Imperial
—
| APM avg | 7.2 |
| APM peak | 2 |
| eAPM avg | 7.2 |
| Villagers / military | 0 / 0 |
Feudal
—
Castle
—
Imperial
—
| APM avg | 58.0 |
| APM peak | 16 |
| eAPM avg | 54.3 |
| Villagers / military | 4 / 0 |
Focus
⚔️ 0.0% · 🌾 100.0%
Match map
Initial resources + every placement click. Lines = walls · curves = elevation contours. ◆ gold · ⬟ stone · ● berries · ✦ relic · ◌ wall gap
Inputs per minute
— 闲人肥羊 - - 帝国时代2--叶枫
Build order — 闲人肥羊
0 actions detected in the replay
Build order — 帝国时代2--叶枫
1 actions detected in the replay
| 0:04 | Create | Villager (Male) |
Build order — Kenan_Çakırın_Yeğeni
5 actions detected in the replay
| 0:01 | Create | Villager (Male) |
| 0:02 | Create | Villager (Male) |
| 0:02 | Create | Villager (Male) |
| 0:02 | Create | Villager (Male) |
| 0:05 | Build | Lumber Camp |
Build order — Binf
6 actions detected in the replay
| 0:01 | Create | Villager (Male) |
| 0:02 | Create | Villager (Male) |
| 0:02 | Create | Villager (Male) |
| 0:02 | Create | Villager (Male) |
| 0:02 | Create | Villager (Male) |
| 0:05 | Build | Lumber Camp |
Build order — wisp00
2 actions detected in the replay
| 0:02 | Create | Villager (Male) ×4 |
| 0:05 | Build | Settlement |
Build order — 凡是阿讨做出的决策
5 actions detected in the replay
| 0:01 | Create | Villager (Male) |
| 0:02 | Create | Villager (Male) |
| 0:02 | Create | Villager (Male) |
| 0:04 | Build | Mill |
| 0:06 | Build | Lumber Camp |
Build order — PHAT Johnson
0 actions detected in the replay
Build order — 困困兔
6 actions detected in the replay
| 0:01 | Create | Villager (Male) |
| 0:02 | Create | Villager (Male) |
| 0:02 | Create | Villager (Male) |
| 0:02 | Create | Villager (Male) |
| 0:06 | Research | Loom |
| 0:10 | Build | Lumber Camp |
Match timeline
| 0:03 | 闲人肥羊 · resign |
[ AI ANALYSIS · 1 CREDIT ]
What really happened in this match?
Wolo.gg analyzes every decision: build order, eco, micro, common mistakes by bracket. Personalized analysis on WhatsApp or Discord in 30 seconds.
Civ guide
Burgundians
Map guide
Fortress
Perfil
闲人肥羊